 Dungeon Crawl Stone Soup version 0.23-a0-643-g9ccc95a (webtiles) character file.

1293 rgaf the Ruffian (level 8, -5/59 HPs)
             Began as a Black Draconian Transmuter on Dec 31, 2018.
             Was an Initiate of Sif Muna.
             Slain by a bullfrog (7 damage)
             ... on level 6 of the Dungeon.
             The game lasted 00:04:54 (6727 turns).

rgaf the Ruffian (Black Draconian Transmuter)       Turns: 6727, Time: 00:04:54

Health: -5/59      AC:  6    Str: 13    XL:     8   Next: 30%
Magic:  11/11      EV: 12    Int: 15    God:    Sif Muna [......]
Gold:   215        SH:  0    Dex: 12    Spells: 5/11 levels left

rFire    . . .     SeeInvis .     - Unarmed
rCold    . . .     Gourm    .   (no shield)
rNeg     . . .     Faith    .   (armour unavailable)
rPois    .         Spirit   .   (helmet restricted)
rElec    +         Reflect  .   (no cloak)
rCorr    .         Harm     .   (no gloves)
MR       .....                  (no boots)
Stlth    +.........             (no amulet)
HPRegen  0.19/turn              (no ring)
MPRegen  0.12/turn              (no ring)

@: no status effects
A: breathe lightning, unfitting armour, electricity resistance, cold-blooded, AC
+6
a: Breathe Lightning, Renounce Religion


You were on level 6 of the Dungeon.
You worshipped Sif Muna.
Sif Muna was noncommittal.
You were not hungry.

You visited 2 branches of the dungeon, and saw 7 of its levels.

You collected 215 gold pieces.

Inventory:

Missiles
 a - 93 arrows
Jewellery
 n - an uncursed ring of see invisible {unknown}
 u - an uncursed amulet of regeneration {unknown}
Scrolls
 b - 3 scrolls of teleportation
 e - a scroll of amnesia {unknown}
 f - a scroll of enchant armour {unknown}
 g - 2 scrolls of magic mapping {unknown}
 h - a scroll of enchant weapon {unknown}
 i - a scroll of random uselessness {unknown}
 j - a scroll of immolation {unknown}
 k - a scroll of blinking {unknown}
 l - 6 scrolls of remove curse {unknown}
 o - 8 scrolls of identify {unknown}
 p - a scroll of fog {unknown}
 t - a scroll of torment {unknown}
Potions
 d - 2 potions of agility
 m - 3 potions of curing {unknown}
 q - a potion of degeneration {unknown}
 r - a potion of berserk rage {unknown}
 s - a potion of mutation {unknown}
Comestibles
 c - 11 rations
 v - 3 chunks of flesh


   Skills:
 - Level 1.1 Fighting
 - Level 1.7 Dodging
 * Level 7.9 Unarmed Combat
 - Level 2.0 Spellcasting
 + Level 5.4 Transmutations
 - Level 4.4 Poison Magic


You had 5 spell levels left.
You knew the following spells:

 Your Spells              Type           Power        Failure   Level  Hunger
a - Beastly Appendage     Tmut           ###...       2%          1    #......
b - Sticks to Snakes      Tmut           ###.....     3%          2    ###....
c - Spider Form           Tmut/Pois      ###.......   9%          3    ###....

Your spell library contained the following spells:

 Spells                   Type           Power        Failure   Level  Hunger
 Blade Hands              Tmut           ###.......   54%         5    ######.
 Ice Form                 Ice/Tmut       #.......     58%         4    #####..


Dungeon Overview and Level Annotations

Branches:
Dungeon (6/15)             Temple (1/1) D:5

Altars:
Ashenzari
Cheibriados
Elyvilon
Fedhas
Hepliaklqana
Okawaru
Qazlal
Ru
Sif Muna
Trog
Uskayaw
Vehumet
Wu Jian
Xom
Yredelemnul
Zin
The Shining One

Annotations:
D:5 1 runed door, BoppinsLewinski's ghost, novice GrFi


Innate Abilities, Weirdness & Mutations

You can breathe wild blasts of lightning.
Your glossy black scales are hard. (AC +6)
You cannot fit into any form of body armour.
You are resistant to electric shocks. (rElec)
You are cold-blooded and may be slowed by cold attacks.


Message History

The gnoll barely misses you.
You are too injured to fight recklessly!
You punch the gnoll!
You kill the gnoll!
Sif Muna accepts your kill.
A hound comes into view.
The hound barks!
The howler monkey hoots and howls with incredible vigour!
You hear a shout! x2
A bullfrog comes into view.
The bullfrog croaks.
The hound bites you.
* * * LOW HITPOINT WARNING * * *
A centaur comes into view.
The bullfrog hits you but does no damage.
The bullfrog hits you!
* * * LOW HITPOINT WARNING * * *
The howler monkey hoots and howls with incredible vigour!
The bullfrog hits you!
You die...

######.#......#
..................#
#..##..####........#
..###...###.#)######..
#>.####......h.h......
#..#.........####.....
#....#######g# #.##..
#...########h#.....
######....(.....@F..#
.........#.#######..#
######.#.#.....# .....
#.#...)...# ..##.#
..###.....# ).. c.
.### ##....# ..## . ##
#....# ..# ######


You could see a bullfrog, a centaur (wandering), a howler monkey, a hound and a
gnoll.

Vanquished Creatures
  Pikel (D:3)
  A black bear (D:3)
  2 ogres
  A centaur (D:4)
  A bullfrog (D:6)
  A big kobold (D:6)
  Ijyb (D:3)
  2 orc wizards (D:5)
  4 worker ants
  A hound skeleton (D:4)
  3 gnolls (D:6)
  2 adders
  A shadow imp (D:6)
  4 oozes
  An adder skeleton (D:5)
  4 dart slugs
  3 worms (D:3)
  5 leopard geckos
  13 orcs
  2 bats
  2 giant cockroaches
  6 goblins
  6 hobgoblins
  27 kobolds
  A quokka (D:5)
  11 frilled lizards
  8 rats
  A plant (D:6)
115 creatures vanquished.

Notes
Turn   | Place    | Note
-------+----------+-------------------------------------------
     0 | D:1      | rgaf the Draconian Transmuter began the quest for the Orb.
     0 | D:1      | Reached XP level 1. HP: 16/16 MP: 3/3
   535 | D:1      | Reached XP level 2. HP: 19/23 MP: 5/5
  1239 | D:2      | Found a white marble altar of Elyvilon.
  1281 | D:2      | Reached XP level 3. HP: 28/28 MP: 6/6
  1501 | D:2      | Reached skill level 4 in Unarmed Combat
  1745 | D:2      | Found a glowing golden altar of the Shining One.
  1906 | D:2      | Reached XP level 4. HP: 33/35 MP: 7/7
  1969 | D:2      | Learned a level 2 spell: Sticks to Snakes
  1973 | D:2      | Learned a level 3 spell: Spider Form
  2707 | D:3      | Noticed Ijyb
  2709 | D:3      | Noticed a black bear
  2724 | D:3      | Killed Ijyb
  2724 | D:3      | Reached skill level 1 in Poison Magic
  2728 | D:3      | Killed a black bear
  2728 | D:3      | Reached skill level 5 in Unarmed Combat
  2728 | D:3      | Reached XP level 5. HP: 36/40 MP: 8/8
  3396 | D:4      | Noticed an ogre
  3418 | D:4      | Killed an ogre
  3418 | D:4      | Reached XP level 6. HP: 42/47 MP: 9/9
  3697 | D:4      | Noticed a slave
  3701 | D:4      | Noticed Pikel
  3707 | D:4      | Noticed a slave
  3720 | D:3      | Killed Pikel
  3720 | D:3      | Reached skill level 6 in Unarmed Combat
  3720 | D:3      | Your scales start taking on a glossy black colour.
  3720 | D:3      | Reached XP level 7. HP: 13/52 MP: 7/10
  3720 | D:3      | Gained mutation: You are resistant to electric shocks.
                  | (rElec) [Black Draconian growth]
  4520 | D:5      | Entered Level 5 of the Dungeon
  4563 | D:5      | Found a staircase to the Ecumenical Temple.
  4572 | Temple   | Entered the Ecumenical Temple
  4694 | Temple   | Became a worshipper of Sif Muna the Loreminder
  4785 | D:5      | Reached skill level 7 in Unarmed Combat
  5001 | D:5      | Reached XP level 8. HP: 32/59 MP: 11/11
  5005 | D:5      | Reached skill level 5 in Transmutations
  5615 | D:5      | Found a runed door.
  5618 | D:5      | Noticed BoppinsLewinski's ghost (novice GrFi)
  5626 | D:5      | You fall through a shaft!
  6726 | D:6      | HP: 2/59 [bullfrog (8)]
  6727 | D:6      | Slain by a bullfrog

Vault maps used:
D:1:      dpeg_arrival_lava_temple_mockup
D:2:      tso_metal_star, elyvilon_altar_5
D:3:      first_ration, minmay_misc_feat_nine_boxes, uniq_ijyb
D:4:      uniq_pikel
D:5:      minmay_temple_entry_ruins, hellmonk_ghost_happy_afterlife,
          minmay_misc_feat_encased
D:6:      kennysheep_kobold_camp, minmay_diced_spiral
Temple:   minmay_temple_bridge_d

Skill      XL: |  1  2  3  4  5  6  7  8 |
---------------+-------------------------+-----
Unarmed Combat | 4 5 6 7 |  7.9
Transmutations | 3 4 5 |  5.4
Poison Magic   | 2 4 |  4.4
Fighting       | |  1.1
Dodging        | |  1.7
Spellcasting   | |  2.0

Action                   |  1- 3 |  4- 6 |  7- 9 || total
-------------------------+-------+-------+-------++-------
Melee: Unarmed           |   119 |   155 |   195 ||   469
       Tailslap          |     4 |    14 |     9 ||    27
       Punch             |     2 |     1 |     5 ||     8
 Cast: Spider Form       |       |     1 |     1 ||     2
 Abil: Breathe Lightning |       |       |     2 ||     2
Evoke: Wand              |       |     2 |       ||     2
  Use: Potion            |     2 |       |       ||     2
       Scroll            |       |       |     1 ||     1
 Stab: Sleeping          |       |     1 |       ||     1
       Confused          |       |     1 |       ||     1
  Eat: Chunk             |     3 |     6 |     3 ||    12
       Ration            |       |       |     2 ||     2
Armor: Skin              |    35 |    33 |    49 ||   117
Dodge: Dodged            |    53 |    79 |   127 ||   259

Table legend:
 A = Non-vault XP
 B = Vault XP
 C = Vault XP percentage of total XP
 D = Non-vault monster count
 E = Vault monster count
 F = Vault count percentage of total count
                 A         B        C        D         E       F
            +---------+---------+-------+---------+---------+-------
      Total |    1057 |     791 |  42.8 |      91 |      23 |  20.2
            +---------+---------+-------+---------+---------+-------
        D:1 |      30 |       0 |   0.0 |      18 |       0 |   0.0
        D:2 |      91 |       0 |   0.0 |      20 |       0 |   0.0
        D:3 |     183 |     677 |  78.7 |      20 |       2 |   9.1
        D:4 |     267 |       0 |   0.0 |       8 |       0 |   0.0
        D:5 |     291 |       0 |   0.0 |      13 |       0 |   0.0
        D:6 |     195 |     114 |  36.9 |      12 |      21 |  63.6
            +---------+---------+-------+---------+---------+-------
